 Dungeon Crawl Stone Soup version 0.30-a0-377-g5cb311bc9f (webtiles) character file.

Game seed: 5069490377502732613

952 KennySheep the Magician (level 8, -1/59 HPs)
             Began as a Djinni Conjurer on Nov 30, 2022.
             Slain by a lemure (9 damage)
             ... led by Pikel
             ... on level 4 of the Dungeon.
             The game lasted 00:17:03 (4545 turns).

KennySheep the Magician (Djinni Conjurer)           Turns: 4545, Time: 00:17:03

Health: -1/59      AC:  2    Str:  6    XL:     8   Next: 36%
Gold:   219        EV: 12    Int: 22    God:
                   SH:  0    Dex: 12

rFire   + + .      SeeInvis .    (no weapon)
rCold   x . .      Faith    .    (no shield)
rNeg    . . .      Spirit   .    a - +0 robe
rPois   ∞          Reflect  .    (no helmet)
rElec   .          Harm     .    (no cloak)
rCorr   .          Rampage  .    (no gloves)
Will    .....                    (boots unavailable)
Stlth   ++........               (no amulet)
HPRegen 0.29/turn                (no ring)
MPRegen 0.00/turn                (no ring)

@: about to teleport, flying
A: sickness immunity, fire resistance 2, cold vulnerability 1, float, innate
caster, HP casting, extra vitality 1
a: no special abilities


You were on level 4 of the Dungeon.
You visited 1 branch of the dungeon, and saw 5 of its levels.

You collected 219 gold pieces.

Inventory:

Armour
 a - a +0 robe (worn)
Scrolls
 c - 3 scrolls of immolation
 e - 2 scrolls of noise
 f - a scroll of poison {unknown}
 g - 2 scrolls of magic mapping {unknown}
 i - a scroll of amnesia {unknown}
 k - 3 scrolls of identify
 m - a scroll of brand weapon {unknown}
 p - 2 scrolls of enchant armour {unknown}
 q - a scroll of torment {unknown}
Potions
 b - a potion of magic {unknown}
 h - 2 potions of ambrosia {unknown}
 j - a potion of brilliance {unknown}
 l - a potion of flight {unknown}
 n - a potion of degeneration {unknown}
 o - 2 potions of invisibility {unknown}
 r - a potion of haste {unknown}


   Skills:
 + Level 5.0 Fighting
 - Level 2.1 Dodging
 - Level 1.5 Stealth
 * Level 6.6 Spellcasting


You had one spell level left.
You knew the following spells:

 Your Spells              Type           Power      Damage    Failure   Level
a - Magic Dart            Conj           100%       1d8       1%          1
b - Searing Ray           Conj           72%        2d7       1%          2
c - Iskenderun's Mystic   Conj/Tloc      36%        2d9       5%          4
d - Fulminant Prism       Conj/Hex       18%        3d10      5%          4
e - Dazzling Flash        Conj/Hex       72%        N/A       1%          3
f - Freeze                Ice            100%       1d10      1%          1
g - Ensorcelled Hibernat  Hex/Ice        72%        N/A       1%          2
h - Static Discharge      Conj/Air       72%        2-5/arc   1%          2
Your spell library was empty.

Dungeon Overview and Level Annotations

Branches:
Dungeon (5/15)             Temple (0/1) D:4

Altars:
Yredelemnul

Shops:
D:1 ?

Annotations:
D:4 Pikel
D:5 p00ps00p's ghost, novice HOFi


Innate Abilities, Weirdness & Mutations

You are immune to sickness and miasma.
You are immune to poison.
Your flesh is very heat resistant. (rF++)
You are vulnerable to cold. (rC-)
You float through the air rather than walking.
You learn spells naturally, not from books.
Your magical power is your life essence.
You have superior vitality. (+4 MHP)


Message History

The ball python barely misses you. The lemure hits you. The lemure hits you!
* * * LOW HITPOINT WARNING * * *
There is a stone staircase leading down here.
Casting: Iskenderun's Mystic Blast (dangerous; 5% risk of failure)
Confirm with . or Enter, or press ? or * to list all spells.
You erupt in a blast of force!
The mystic blast hits the lemure!
The lemure is heavily wounded.
The lemure is knocked back by the mystic blast.
The mystic blast hits the lemure!
The lemure is moderately wounded.
The lemure is knocked back by the mystic blast.
The mystic blast hits the ball python!
You kill the ball python!
* * * LOW HITPOINT WARNING * * *
You hear a shout!
You see here a ball python corpse.
A goblin comes into view. It is wielding a +0 dagger.
The goblin shouts!
You hit the goblin but do no damage. The goblin hits you with a +0 dagger.
* * * LOW HITPOINT WARNING * * *
Casting: Iskenderun's Mystic Blast (dangerous; 5% risk of failure)
Confirm with . or Enter, or press ? or * to list all spells.
You erupt in a blast of force!
The mystic blast hits the lemure.
The lemure is severely wounded.
The lemure is knocked back by the mystic blast.
The mystic blast hits the lemure!
The lemure is severely wounded.
The lemure is knocked back by the mystic blast.
The mystic blast hits the goblin!
You kill the goblin!
* * * LOW HITPOINT WARNING * * *
Things that are here:
a +0 dagger; a goblin corpse
As you read the scroll labelled DUECEG PINU, it crumbles to dust.
It is a scroll of identify.
s - a scroll of teleportation
As you read the scroll of teleportation, it crumbles to dust.
You feel strangely unstable. The lemure attacks as you move away!
The lemure hits you!
You die...

#.# #.#.## ##.##
###.##.#.## ##.# ##.#.#
##.## ##.##
####....####...###...##
+...............#......
####..†.####.###.#:..##
##>#5# #.###.##.##
###)## #........# #@5.#
#####.#### #.....# #.#
.......# #.# #.#.....#
#.# #.##...## ##.## ###
# ##### ##.#.###..
##.###.##.# #.## ##....
##.###.##.#


You could see 2 lemures.

Vanquished Creatures
  Eustachio (D:5)
  A black bear (D:5)
  An ogre (D:5)
  A lemure (D:5)
  A phantom (D:5)
  6 killer bees (D:5)
  A hound (D:5)
  4 iguanas
  Robin (D:4)
  8 adders
  A white imp (D:5)
  2 worms (D:2)
  2 dart slugs
  5 orcs
  7 ball pythons
  7 endoplasms
  A giant cockroach (D:4)
  14 goblins
  7 hobgoblins
  3 jackals (D:2)
  5 quokkas
  2 frilled lizards (D:3)
  4 kobolds
  2 rats
  A spectral orc (D:3)
88 creatures vanquished.

Vanquished Creatures (others)
  4 fulminant prisms (D:5)
4 creatures vanquished.

Grand Total: 92 creatures vanquished

Notes
Turn   | Place    | Note
-------+----------+-------------------------------------------
     0 | D:1      | KennySheep the Djinni Conjurer began the quest for the Orb.
     0 | D:1      | KennySheep set off with the following spells memorised:
                  | Magic Dart, Searing Ray, Dazzling Flash, Fulminant Prism,
                  | Iskenderun's Mystic Blast.
     0 | D:1      | Reached XP level 1. HP: 15/15 MP: 0/0
    89 | D:1      | Found Qaacon's Magic Scroll Shop.
   260 | D:1      | Reached XP level 2. HP: 22/22 MP: 0/0
   717 | D:2      | Reached skill level 1 in Fighting
   739 | D:2      | Reached XP level 3. HP: 23/27 MP: 0/0
   739 | D:2      | Learned a level 1 spell: Freeze
  1111 | D:2      | Reached skill level 4 in Spellcasting
  1111 | D:2      | Reached XP level 4. HP: 30/33 MP: 0/0
  1664 | D:3      | Reached XP level 5. HP: 36/38 MP: 0/0
  1664 | D:3      | Learned a level 2 spell: Ensorcelled Hibernation
  1701 | D:3      | Found a basalt altar of Yredelemnul.
  2306 | D:4      | Noticed Robin
  2323 | D:4      | Killed Robin
  2466 | D:4      | Noticed a lemure
  2754 | D:4      | Found a staircase to the Ecumenical Temple.
  2754 | D:4      | Noticed Pikel
  2754 | D:4      | Noticed a lemure
  2754 | D:4      | Noticed a lemure
  2754 | D:4      | Noticed a lemure
  2766 | D:5      | Entered Level 5 of the Dungeon
  2778 | D:5      | Noticed a phantom
  2785 | D:5      | Killed a phantom
  2786 | D:5      | Reached skill level 5 in Spellcasting
  2786 | D:5      | Reached XP level 6. HP: 16/46 MP: 0/0
  2932 | D:5      | Noticed Eustachio
  3086 | D:5      | Found a runed translucent gate.
  3086 | D:5      | Found a runed translucent gate.
  3086 | D:5      | Found a runed translucent gate.
  3086 | D:5      | Noticed p00ps00p's ghost (novice HOFi)
  3104 | D:5      | Noticed an ogre
  3112 | D:5      | Killed an ogre
  3113 | D:5      | Reached XP level 7. HP: 38/50 MP: 0/0
  3113 | D:5      | Learned a level 2 spell: Static Discharge
  3473 | D:5      | Killed Eustachio
  3474 | D:5      | Reached skill level 6 in Spellcasting
  4026 | D:5      | Reached XP level 8. HP: 51/58 MP: 0/0
  4033 | D:5      | Reached skill level 5 in Fighting
  4545 | D:4      | Slain by a lemure

Illustrated notes

Levels and vault maps discovered:
D:1:      grunt_arrival_lava_bath, layout_loops_cross, serial_shops,
          nicolae_shop_behind_doors, dreamdust_wishing_well, minivault_11,
          minmay_misc_feat_columns
D:2:      layout_rooms
D:3:      layout_basic, yredelemnul_forgotten_temple_becter,
          corexii_item_surrounded_by_moat
D:4:      layout_loops_corners, minmay_temple_entry_sparse_star, minmay_puff,
          uniq_robin, uniq_pikel
D:5:      layout_basic, ebering_ghost_rock_garden, uniq_eustachio

Skill      XL: |  1  2  3  4  5  6  7  8 |
---------------+-------------------------+-----
Fighting       | 1 2 3 4 5 |  5.0
Spellcasting   | 4 5 6 |  6.6
Dodging        | |  2.1
Stealth        | |  1.5

Action                   |  1- 3 |  4- 6 |  7- 9 || total
-------------------------+-------+-------+-------++-------
Melee: Unarmed           |       |       |     2 ||     2
 Cast: Magic Dart        |    67 |   106 |     6 ||   179
       Iskenderun's Myst |       |     2 |    34 ||    36
       Searing Ray       |       |     2 |     2 ||     4
       Fulminant Prism   |       |     1 |     3 ||     4
  Use: Scroll            |     2 |       |     2 ||     4
       Potion            |       |       |     2 ||     2
Armor: Robe              |     3 |     3 |     4 ||    10
Dodge: Dodged            |     8 |    14 |    11 ||    33

Table legend: (Time is in decaauts)
 A = Elapsed time spent in this place.
 B = Non-inter-level travel time spent in this place.
 C = Inter-level travel time spent in this place.
 D = Time resting spent in this place.
 E = Time spent auto-exploring this place.
 F = Levels seen in this place.
 G = Mean time per level.
                   A        B        C        D        E       F      G
               +--------+--------+--------+--------+--------+-----+--------+
         Total |   4546 |   4497 |     49 |    618 |   3231 |   5 |  909.2 |
       Dungeon |   4546 |   4497 |     49 |    618 |   3231 |   5 |  909.2 |
               +--------+--------+--------+--------+--------+-----+--------+

Top non-repeatable levels by time:
     D:5: 1750 daAuts
     D:3: 873 daAuts
     D:1: 715 daAuts
     D:2: 609 daAuts
     D:4: 597 daAuts
